 Dungeon Crawl Stone Soup version 0.25-a0-737-g26c3a87c45 (webtiles) character file.

Game seed: 3008895184879283074, levelgen mode: deterministic

1291 mortelune the Ruffian (level 8, -1/73 HPs)
             Began as a Naga Transmuter on Apr 11, 2020.
             Slain by an iguana (6 damage)
             ... on level 6 of the Dungeon.
             The game lasted 00:32:24 (10894 turns).

mortelune the Ruffian (Naga Transmuter)            Turns: 10894, Time: 00:32:24

Health: -1/73      AC:  5    Str: 13    XL:     8   Next: 55%
Magic:  15/15      EV: 10    Int: 16    God:
Gold:   193        SH:  0    Dex: 11    Spells: 10/16 levels left

rFire    . . .     SeeInvis +     - Unarmed
rCold    . . .     Gourm    .   (no shield)
rNeg     . . .     Faith    .   f - +0 leather armour
rPois    +         Spirit   .   (no helmet)
rElec    .         Reflect  .   u - +0 cloak
rCorr    .         Harm     .   (no gloves)
MR       +....                  (no barding)
Stlth    +.........             (no amulet)
HPRegen  0.22/turn              (no ring)
MPRegen  0.14/turn              (no ring)

@: marked, very slow
A: large, see invisible, deformed body, poison resistance, slowness 2, slow
metabolism 1, spit poison 1, AC +2
a: Spit Poison


You were on level 6 of the Dungeon.
You were not hungry.

You visited 1 branch of the dungeon, and saw 6 of its levels.

You collected 193 gold pieces.

Inventory:

Missiles
 a - 34 arrows
 j - 37 poisoned darts (quivered)
Armour
 b - a +0 robe
 f - a +0 leather armour (worn)
 p - a +0 scale mail
 u - a +0 cloak (worn)
 v - the +5 chain mail "Jufafogi" {rPois rF+++ Regen+ Int-4}
   (You found it on level 4 of the Dungeon)

   It affects your intelligence (-4).
   It renders you almost immune to fire.
   It protects you from poison.
   It increases your rate of regeneration.
Jewellery
 k - an uncursed ring of protection from magic
 m - a +5 ring of dexterity {unknown}
 q - an uncursed ring of protection from magic
 y - a +3 amulet of reflection {unknown}
Scrolls
 c - 2 scrolls of magic mapping
 e - 13 scrolls of identify {unknown}
 g - 3 scrolls of fear {unknown}
 i - 3 scrolls of teleportation
 l - a scroll of random uselessness {unknown}
 o - 4 scrolls of remove curse {unknown}
 r - a scroll of noise {unknown}
Potions
 h - a potion of heal wounds
 n - a potion of invisibility {unknown}
 s - a potion of brilliance {unknown}
 t - 2 potions of lignification {unknown}
 w - a potion of might
 x - a potion of berserk rage {unknown}
Comestibles
 d - 11 rations
 z - 3 chunks of flesh


   Skills:
 + Level 4.8 Fighting
 - Level 2.2 Dodging
 + Level 6.0 Unarmed Combat
 + Level 4.7 Spellcasting
 + Level 5.2 Transmutations


You had 10 spell levels left.
You knew the following spells:

 Your Spells              Type           Power        Failure   Level  Hunger
a - Beastly Appendage     Tmut           ###...       2%          1    None
b - Sticks to Snakes      Tmut           ###.....     3%          2    ##.....
c - Spider Form           Tmut/Pois      ##........   21%         3    ###....

Your spell library contained the following spells:

 Spells                   Type           Power        Failure   Level  Hunger
 Blade Hands              Tmut           ###.......   54%         5    ######.
 Ice Form                 Ice/Tmut       ##......     56%         4    ####...


Dungeon Overview and Level Annotations

Branches:
Dungeon (6/15)             Temple (0/1) D:6

Altars:
Hepliaklqana
Ru
Trog
Wu Jian

Annotations:
D:2 Natasha, Sigmund


Innate Abilities, Weirdness & Mutations

You cannot wear boots.
Your serpentine skin is tough. (AC +2)
You have supernaturally acute eyesight. (SInv)
Armour fits poorly on your strangely shaped body.
Your system is resistant to poisons. (rPois)
You cover ground very slowly.
You have a slow metabolism.
You can spit poison.


Message History

You hit the iguana but do no damage.
The iguana is almost dead.
The iguana bites you.
* * * LOW HITPOINT WARNING * * *
You hit the iguana but do no damage.
The iguana is almost dead.
The iguana closely misses you.
You closely miss the iguana.
The iguana is almost dead.
You hit the iguana but do no damage.
The iguana is almost dead.
The iguana barely misses you.
You barely miss the iguana.
The iguana is almost dead.
The iguana bites you.
* * * LOW HITPOINT WARNING * * *
You hit the iguana but do no damage.
The iguana is almost dead.
The iguana bites you.
You die...

#.##############.# #.# #....#
#.###########..#.#####
#.......##...........#
##.......##.####'####.#
.........##.#.^#.#^.#.#
###.)....##.##^#.#^##.#
###......##.#.^#l#^.#.##
....##.###..##^#@#^##..#
###.##.###).#.^#.#^.#..#
....##.#<)).####'####..#####
.#####.####....#!#.........######
...............###.........'.....
...#.#)####.##.............##.###
#..#.#.......#.##.#........##.###
...#>...........................)
##.#.........#.##############.###


You could see an iguana.

Vanquished Creatures
  Eustachio (D:6)
  Duvessa (D:5)
  An ice beast (D:5)
  A sky beast (D:6)
  A wyvern skeleton (D:6)
  Dowan (D:5)
  A howler monkey (D:4)
  A centaur zombie (D:6)
  A hound (D:4)
  2 orc wizards
  An orc priest (D:6)
  Natasha (D:2)
  3 iguanas
  2 worker ants
  A killer bee zombie (D:6)
  A hound skeleton (D:4)
  A worker ant zombie (D:5)
  9 adders
  A howler monkey skeleton (D:5)
  2 oozes
  An adder zombie (D:5)
  2 worms (D:3)
  A dart slug (D:4)
  4 leopard geckos
  8 orcs
  4 bats
  6 giant cockroaches
  7 goblins
  5 hobgoblins
  3 jackals (D:5)
  4 quokkas
  A ball python (D:2)
  4 frilled lizards
  3 kobolds (D:2)
  2 leopard gecko skeletons
  5 rats
93 creatures vanquished.

Vanquished Creatures (collateral kills)
  Grinder (D:5)
  An orc warrior (D:6)
  An orc priest (D:4)
  An adder (D:2)
  A shadow imp (D:6)
  A worm (D:2)
  2 leopard geckos (D:2)
  A frilled lizard (D:2)
9 creatures vanquished.

Grand Total: 102 creatures vanquished

Notes
Turn   | Place    | Note
-------+----------+-------------------------------------------
     0 | D:1      | mortelune the Naga Transmuter began the quest for the Orb.
     0 | D:1      | Reached XP level 1. HP: 18/18 MP: 3/3
   458 | D:1      | Reached XP level 2. HP: 25/25 MP: 3/5
   604 | D:1      | Learned a level 2 spell: Sticks to Snakes
  1975 | D:2      | Reached XP level 3. HP: 8/31 MP: 6/6
  2462 | D:2      | Learned a level 3 spell: Spider Form
  3293 | D:2      | Noticed Natasha
  3302 | D:2      | Killed Natasha
  3302 | D:2      | Reached XP level 4. HP: 18/39 MP: 1/7
  3503 | D:2      | Noticed Sigmund
  3512 | D:2      | Noticed Natasha
  4309 | D:3      | Reached skill level 4 in Unarmed Combat
  4766 | D:3      | Reached XP level 5. HP: 42/45 MP: 6/8
  5186 | D:3      | Found a sacrificial altar of Ru.
  5752 | D:3      | HP: 2/45 [orc wizard/+0 dagger (4)]
  6265 | D:4      | Reached XP level 6. HP: 36/55 MP: 10/10
  6281 | D:4      | Got an ancient chain mail
  6292 | D:4      | Identified the +5 chain mail "Jufafogi" {rPois rF+++ Regen+
                  | Int-4} (You found it on level 4 of the Dungeon)
  7092 | D:5      | Entered Level 5 of the Dungeon
  7092 | D:5      | Noticed Dowan
  7092 | D:5      | Noticed Grinder
  7093 | D:5      | Noticed Duvessa
  7240 | D:5      | Killed Dowan
  7385 | D:5      | Killed Grinder
  7385 | D:5      | Reached XP level 7. HP: 36/62 MP: 4/12
  7576 | D:5      | HP: 3/62 [Duvessa/+0 short sword (11)]
  7587 | D:5      | Killed Duvessa
  7587 | D:5      | Reached skill level 5 in Unarmed Combat
  8667 | D:5      | HP: 3/63 [ogre/+0 giant club (10)]
  9132 | D:6      | Found a hazy altar of Hepliaklqana.
  9306 | D:5      | Reached XP level 8. HP: 16/72 MP: 11/14
  9867 | D:6      | Found an ornate altar of the Wu Jian Council.
  9867 | D:6      | Found a bloodstained altar of Trog.
  9912 | D:6      | Noticed Eustachio
  9942 | D:6      | Killed Eustachio
 10081 | D:6      | Reached skill level 5 in Transmutations
 10763 | D:6      | Found a staircase to the Ecumenical Temple.
 10822 | D:6      | Reached skill level 6 in Unarmed Combat
 10894 | D:6      | Slain by an iguana

Levels and vault maps discovered:
D:1:      minmay_arrival_up_and_down, layout_loops_ring,
          chequers_serial_rivers_small_b, minmay_pentomino_t4
D:2:      layout_loops_corners, uniq_natasha, uniq_sigmund
D:3:      layout_loops_ring, marbit_many_paths, first_ration
D:4:      layout_cave_pools
D:5:      minmay_octagon_keep, layout_basic, uniq_duvessa, uniq_grinder
D:6:      layout_basic, chequers_temple_overflow_statue_of_worship,
          lemuel_temple_firewalk_a, grunt_tough_drop, uniq_eustachio

Skill      XL: |  1  2  3  4  5  6  7  8 |
---------------+-------------------------+-----
Dodging        | 2 |  2.2
Unarmed Combat | 4 5 6 |  6.0
Fighting       | 2 3 4 |  4.8
Transmutations | 3 4 5 |  5.2
Spellcasting   | 3 4 |  4.7

Action                   |  1- 3 |  4- 6 |  7- 9 || total
-------------------------+-------+-------+-------++-------
Melee: Unarmed           |   146 |   184 |   265 ||   595
       Headbutt          |    10 |    15 |    11 ||    36
       Punch             |       |     3 |     8 ||    11
 Cast: Beastly Appendage |    21 |    21 |    11 ||    53
       Sticks to Snakes  |     9 |    12 |    20 ||    41
       Spider Form       |       |       |     2 ||     2
  Use: Scroll            |       |     2 |     2 ||     4
       Potion            |       |       |     5 ||     5
 Stab: Distracted        |       |     1 |     1 ||     2
  Eat: Chunk             |     6 |    11 |     7 ||    24
       Ration            |       |       |     1 ||     1
Armor: Robe              |     4 |       |       ||     4
       Leather armour    |    12 |    35 |    70 ||   117
       Skin              |       |       |     1 ||     1
Dodge: Dodged            |    75 |    93 |   153 ||   321

Table legend:
 A = Non-vault XP
 B = Vault XP
 C = Vault XP percentage of total XP
 D = Non-vault monster count
 E = Vault monster count
 F = Vault count percentage of total count
                 A         B        C        D         E       F
            +---------+---------+-------+---------+---------+-------
      Total |     774 |    1071 |  58.0 |      84 |      18 |  17.6
            +---------+---------+-------+---------+---------+-------
        D:1 |      19 |       2 |   9.5 |      11 |       1 |   8.3
        D:2 |      58 |      35 |  37.6 |      18 |       1 |   5.3
        D:3 |     124 |       7 |   5.3 |      23 |       1 |   4.2
        D:4 |     193 |       0 |   0.0 |      12 |       0 |   0.0
        D:5 |      77 |     621 |  89.0 |       8 |      10 |  55.6
        D:6 |     303 |     406 |  57.3 |      12 |       5 |  29.4
            +---------+---------+-------+---------+---------+-------
